 Dungeon Crawl Stone Soup version 0.17-a0-1708-gbd78d88 (console) character file.

2566 Monkaria the Covert (level 9, -2/37 HPs)
             Began as a Felid Berserker on Aug 22, 2015.
             Was a Priest of Trog.
             Slain by a yak (5 damage)
             ... on level 11 of the Dungeon.
             The game lasted 00:11:13 (7019 turns).

Monkaria the Covert (Felid Berserker)               Turns: 7019, Time: 00:11:14

Health: -2/37      AC:  2    Str: 16    XL:     9   Next: 31%
Magic:  10/10      EV: 27    Int:  9    God:    Trog [***...]
Gold:   588        SH:  0    Dex: 18    Spells: 0 memorised, 8 levels left
                                        Lives:  0   Deaths: 2

rFire  . . .     SeeInvis +       - Unarmed
rCold  . . .     Clarity  .     (armour unavailable)
rNeg   . . .     SustAt   .     (shield unavailable)
rPois  .         Gourm    .     (helmet unavailable)
rElec  .         Spirit   .     (cloak unavailable)
rCorr  .         Warding  .     (gloves unavailable)
rMut   .         Stasis   .     (boots unavailable)
MR     +....                    (no amulet)
Stlth  ++++++++..               C - +3 ring of dexterity
                                m - ring of stealth

@: exhausted, slowed, slow, somewhat resistant to hostile enchantments,
extraordinarily stealthy
A: no armour, no weapons or thrown items, claws 1, fangs 3, see invisible,
carnivore 3, speed 1, shaggy fur 2, slow metabolism 1, sharp paws
a: Burn Spellbooks, Berserk, Trog's Hand, Renounce Religion


You were on level 11 of the Dungeon.
You worshipped Trog.
Trog was most pleased with you.
You were full.

You visited 1 branch of the dungeon, and saw 8 of its levels.
You also visited: Ossuary.

You collected 588 gold pieces.

Inventory:

Jewellery
 m - a ring of stealth (left paw)
 x - an uncursed ring of poison resistance
 B - an uncursed ring of sustain attributes
 C - a +3 ring of dexterity (right paw)
Magical devices
 w - a wand of random effects (28)
 A - a wand of magic darts (21)
 F - a wand of slowing (14)
 H - a wand of magic darts (26)
Scrolls
 g - a scroll of fog
 k - a scroll of immolation {unknown}
 o - a scroll of blinking
 p - 2 scrolls of remove curse
 s - 4 scrolls of teleportation
 t - 3 scrolls of fear {unknown}
 v - a scroll of random uselessness {unknown}
 y - a scroll of noise {unknown}
Potions
 b - 2 potions of haste
 c - a potion of invisibility
 d - 2 potions of lignification
 e - 7 potions of curing
 f - a potion of degeneration {unknown}
 h - 5 potions of heal wounds
 j - a potion of magic
 l - 4 potions of resistance
 r - 2 potions of might
 z - a potion of cancellation
 D - a potion of mutation {unknown}
 E - a potion of ambrosia {unknown}
Books
 n - the Almanac of Poison
   (You found it on level 1 of the Dungeon)

   Spells                             Type                      Level
   a - Sting                          Conjuration/Poison           1
   b - Cure Poison                    Poison                       2
   c - Spider Form                    Transmutation/Poison         3
   d - Venom Bolt                     Conjuration/Poison           5
   Trog disapproves of the use of such an item.
Comestibles
 a - 5 meat rations
 i - 3 beef jerkies
 q - a slice of pizza
 u - 2 royal jellies


   Skills:
 - Level 3.0 Fighting
 - Level 10.5 Dodging
 + Level 13.2 Stealth
 - Level 6.0 Unarmed Combat


You had 8 spell levels left.
You didn't know any spells.

Dungeon Overview and Level Annotations

Branches:
Dungeon (11/15)            Temple (0/1) D:4            Lair (0/8) D:11
    Orc: D:9-12

Altars:
Gozag
Nemelex Xobeh
Yredelemnul

Shops:
D:6 }


Innate Abilities, Weirdness & Mutations

You cannot wear armour.
You are incapable of wielding weapons or throwing items.
You have sharp claws.
You have razor-sharp teeth.
You have supernaturally acute eyesight.
You are carnivorous and can eat meat at any time.
You cover ground quickly.
You are covered in thick fur (AC +2).
You have a slow metabolism.
Your sharp claws are effective at attacking unaware monsters.


Message History

Trog accepts your kill.
Your Stealth skill increases to level 13!
You claw the yak!
The yak is moderately wounded.
The yak misses you.
You barely miss the yak.
The yak is moderately wounded.
The yak gores you!
* * * LOW HITPOINT WARNING * * *
The yak closely misses you.
You are too injured to fight recklessly!
You are too injured to fight recklessly!
You are too injured to fight recklessly!
There is an open door here.
You are a level 9 Felid Berserker.
You are 31% of the way to level 10.
You'll get an extra life in 0.69 levels' worth of XP.
Play time: 00:11:08 (7019 turns) Unknown command.
The yak gores you.
You die...

#.YY........#
###.........# #.Y.......#
#####.##### #†# #.#
###+#### #.# ####
#......# ####Y#### ...
#......#### #..@....##.#
+......'..####.......'..#
#......##....#(......####
#......#####.'.......#
#.[....# ###.......#
#......# ###'#####
#####'## #.# ##..#
#####.###### #..##
##..........# .#


You could see a yak.

Vanquished Creatures
  Grinder (D:3)
  Sigmund (D:4)
  4 yaks (D:11)
  A wraith (D:11)
  Edmund (D:4)
  Duvessa (D:4)
  A sky beast (D:11)
  2 phantoms
  A necrophage (D:11)
  2 ogres (D:6)
  2 centaurs
  Dowan (D:4)
  A scorpion (D:3)
  A crimson imp (D:5)
  A giant frog zombie (D:5)
  5 orc wizards
  3 orc priests
  3 hounds
  5 worker ants
  An iguana (D:4)
  A big kobold zombie (Ossuary)
  A hound zombie (D:5)
  8 mummies (Ossuary)
  8 adders
  3 gnolls
  A shadow imp (D:6)
  2 oozes
  An adder skeleton (D:4)
  5 worms
  3 giant geckos
  25 orcs
  3 ball pythons
  5 bats
  3 giant cockroaches
  2 gnoll zombies (Ossuary)
  5 goblins
  8 hobgoblins
  7 jackals (D:3)
  6 kobolds
  2 quokkas
  A giant gecko skeleton (D:6)
  7 giant newts
  A hobgoblin zombie (Ossuary)
  3 kobold zombies (Ossuary)
  An orc zombie (Ossuary)
  A quokka skeleton (D:5)
  7 rats
158 creatures vanquished.

Notes
Turn   | Place    | Note
--------------------------------------------------------------
     0 | D:1      | Monkaria the Felid Berserker began the quest for the Orb.
     0 | D:1      | Reached XP level 1. HP: 10/10 MP: 2/2
   231 | D:1      | Reached XP level 2. HP: 12/14 MP: 3/3
   463 | D:1      | Identified the Almanac of Poison
   768 | D:2      | Acquired Trog's second power
  1048 | D:2      | Reached XP level 3. HP: 17/17 MP: 4/4
  1214 | D:2      | Found an opulent altar of Gozag.
  1346 | D:2      | You fall through a shaft!
  1740 | D:3      | Reached XP level 4. HP: 8/21 MP: 5/5
  1988 | D:3      | Reached skill level 5 in Unarmed Combat
  2280 | D:3      | Noticed a scorpion
  2356 | D:3      | Killed a scorpion
  2407 | D:3      | Reached XP level 5. HP: 10/24 MP: 6/6
  2596 | D:3      | Reached skill level 6 in Unarmed Combat
  2870 | D:3      | Noticed Grinder
  2889 | D:3      | Slain by Grinder
  2890 | D:3      | Reached XP level 4. HP: 0/21 MP: 5/5
  2947 | D:3      | Killed Grinder
  2947 | D:3      | Reached XP level 5. HP: 24/24 MP: 6/6
  2947 | D:3      | Gained mutation: You are covered in thick fur (AC +2). [Felid growth]
  2947 | D:3      | Reached XP level 6. HP: 28/28 MP: 7/7
  3308 | D:4      | Reached skill level 7 in Dodging
  3330 | D:4      | Found a staircase to the Ecumenical Temple.
  3346 | D:4      | Noticed Duvessa
  3349 | D:4      | Noticed Dowan
  3392 | D:4      | Killed Duvessa
  3392 | D:4      | Reached skill level 8 in Dodging
  3408 | D:4      | Killed Dowan
  3408 | D:4      | Reached XP level 7. HP: 31/31 MP: 8/8
  3560 | D:4      | Found a sparkling altar of Nemelex Xobeh.
  3561 | D:4      | Found a basalt altar of Yredelemnul.
  3569 | D:4      | Noticed Edmund
  3577 | D:4      | Killed Edmund
  3577 | D:4      | Reached skill level 9 in Dodging
  3841 | D:4      | Noticed Sigmund
  3849 | D:4      | Killed from afar by an orc priest
  3850 | D:4      | Reached XP level 6. HP: -6/42 MP: 7/7
  3998 | D:4      | Killed Sigmund
  3998 | D:4      | Reached skill level 10 in Dodging
  3998 | D:4      | Reached XP level 7. HP: 7/31 MP: 8/8
  4002 | D:4      | Reached skill level 1 in Stealth
  4537 | D:5      | Entered Level 5 of the Dungeon
  4779 | D:5      | Reached skill level 5 in Stealth
  5589 | D:6      | Reached XP level 8. HP: 34/34 MP: 9/9
  5694 | D:6      | Found Edomeph's Gadget Shoppe.
  5713 | D:6      | Found an opulent altar of Gozag.
  5786 | D:6      | Found a sand-covered staircase.
  5795 | Ossuary  | Entered an ossuary
  6597 | D:6      | Reached skill level 10 in Stealth
  6662 | D:6      | You fall through a shaft for 2 floors!
  6686 | D:8      | You fall through a shaft for 3 floors!
  6839 | D:11     | Found a staircase to the Lair.
  6873 | D:11     | Reached skill level 11 in Stealth
  6933 | D:11     | Reached XP level 9. HP: 37/37 MP: 10/10
  6997 | D:11     | Reached skill level 12 in Stealth
  7014 | D:11     | Reached skill level 13 in Stealth
  7019 | D:11     | Slain by a yak

Vault maps used:
D:1:      lemuel_arrival_tunnels, nrook_loot_triangle, minmay_vboxes
D:2:      makhleb_blood_cavern_becter, first_bread, hangedman_decor_growths,
          hangedman_feature_mirror, grunt_gozag_statues
D:3:      uniq_grinder
D:4:      gammafunk_temple_overflow_statue, minmay_temple_entry_junction,
          uniq_edmund, uniq_duvessa, uniq_sigmund
D:6:      lemuel_doored_altar, lightli_ossuary_entry_decrepit_ruins,
          serial_shops, nicolae_shop_competitors_out_of_business, abandoned_shop
D:8:      hangedman_cross_veins, zin_academy
D:11:     lair_0_dummy
Ossuary:  ossuary_tomb_3

Action                   |  1- 3 |  4- 6 |  7- 9 || total
-------------------------+-------+-------+-------++-------
Melee: Unarmed           |    99 |   124 |   249 ||   472
Invok: Berserk           |     4 |     8 |    17 ||    29
       Trog's Hand       |       |     3 |     6 ||     9
  Use: Scroll            |       |       |    16 ||    16
 Stab: Sleeping          |     4 |     3 |    14 ||    21
       Distracted        |       |       |     1 ||     1
  Eat: Chunk             |     9 |    14 |    30 ||    53
